 Dungeon Crawl Stone Soup version 0.27-a0-1384-g1422d76b99 (webtiles) character file.

Game seed: 5945892581473834543

434 sagitran the Poker (level 6, -1/48 HPs)
             Began as a Demonspawn Chaos Knight on June 30, 2021.
             Was a Plaything of Xom.
             Slain by an ice beast (13 damage)
             ... on level 5 of the Dungeon.
             The game lasted 00:17:00 (4147 turns).

sagitran the Poker (Demonspawn Chaos Knight)        Turns: 4147, Time: 00:17:02

Health: -1/48      AC:  8    Str: 14    XL:     6   Next: 68%
Magic:  6/6        EV: 12    Int: 13    God:    Xom [.*....]
Gold:   104        SH:  0    Dex: 13    Spells: 5/5 levels left

rFire    . . .     SeeInvis .   a - +0 spear (chaos)
rCold    . . .     Faith    .   (no shield)
rNeg     . . .     Spirit   .   b - +2 leather armour
rPois    .         Reflect  .   (no helmet)
rElec    .         Harm     .   i - +0 cloak
rCorr    .         Rampage  .   (no gloves)
Will     .....                  (no boots)
Stlth    +.........             (no amulet)
HPRegen  0.16/turn              (no ring)
MPRegen  0.10/turn              (no ring)

@: no status effects
A: claws 1, thin metallic scales 1, foul stench 1
a: Renounce Religion


You were on level 5 of the Dungeon.
You worshipped Xom.
You were a plaything of Xom.
You visited 1 branch of the dungeon, and saw 4 of its levels.

You collected 104 gold pieces.

Inventory:

Hand Weapons
 a - a +0 spear of chaos (weapon)
 c - a +3 dagger
 j - a +2 dagger of venom
 p - a +2 vorpal halberd
Missiles
 o - 8 javelins (quivered)
Armour
 b - a +2 leather armour (worn)
 i - a +0 cloak (worn)
Wands
 s - a wand of flame (13)
Scrolls
 d - 2 scrolls of identify
 k - 3 scrolls of holy word
 m - a scroll of teleportation
 n - a scroll of acquirement {unknown}
 r - a scroll of magic mapping {unknown}
 t - a scroll of amnesia {unknown}
Potions
 e - a potion of magic {unknown}
 f - a potion of berserk rage {unknown}
 g - 2 potions of curing
 h - a potion of cancellation {unknown}
 l - a potion of might {unknown}
 q - a potion of heal wounds {unknown}


   Skills:
 + Level 4.2 Fighting
 + Level 4.9 Polearms
 + Level 3.0 Armour
 + Level 2.5 Dodging
 + Level 1.3 Stealth


You had 5 spell levels left.
You didn't know any spells.
Your spell library was empty.

Dungeon Overview and Level Annotations

Branches:
Dungeon (3/15)

Altars:
Fedhas
Nemelex Xobeh
Zin

Annotations:
D:3 2 transporters


Innate Abilities, Weirdness & Mutations

You have sharp fingernails.
You are partially covered in thin metallic scales. (AC +2)
You may rarely emit foul miasma when damaged in melee.


Message History

You hit the adder skeleton.
The adder skeleton is moderately damaged.
The adder skeleton barely misses you.
You barely miss the adder skeleton.
The adder skeleton is moderately damaged.
The adder skeleton bites you but does no damage.
You hit the adder skeleton. You burn the adder skeleton.
The adder skeleton is severely damaged.
The adder skeleton barely misses you.
You hit the adder skeleton.
The adder skeleton is almost destroyed.
The adder skeleton closely misses you.
You hit the adder skeleton.
Lightning courses through the adder skeleton!
You destroy the adder skeleton!
A hound skeleton comes into view.
The ice beast hits you but does no damage.
You hear Xom's avuncular chuckle.
The hound skeleton seems to grow stronger.
You hit the ice beast but do no damage.
You are now a plaything of Xom.
The ice beast barely misses you.
You hit the ice beast but do no damage. You hit the ice beast but do no damage.
The ice beast barely misses you.
You hit the ice beast.
You melt the ice beast.
The ice beast is lightly wounded.
The ice beast barely misses you.
You hit the ice beast.
You melt the ice beast.
The ice beast is moderately wounded.
The ice beast hits you. The ice beast freezes you.
You hit the ice beast.
You melt the ice beast.
The ice beast is moderately wounded.
The ice beast barely misses you.
You barely miss the ice beast.
The ice beast is moderately wounded.
The ice beast hits you.
* * * LOW HITPOINT WARNING * * *
The ice beast freezes you!
You die...
Xom chortles!

###..≈≈..≈.....
#...≈≈≈≈.......
##.#..≈≈≈......# .
##..###≈≈#......# #..
#...#.#≈≈###....###..
#.....##≈≈≈#.......
#.###Z# ##≈#.....##
### #Y######......##
##@...##.......###.
#..####...........
#.####............
##...##............
####..................
#....#...###........#.
##..#..##.'_'......###
#........>###.......#
#.##.#..### ###.....#


You could see an ice beast and a hound skeleton (strong).

Vanquished Creatures
  A water moccasin (D:3)
  A scorpion (D:5)
  An orc priest (D:5)
  An orc wizard (D:5)
  8 gnolls
  3 adders
  An adder skeleton (D:5)
  4 dart slugs
  4 orcs (D:5)
  4 ball pythons
  8 endoplasms
  5 giant cockroaches
  10 goblins
  5 hobgoblins
  4 jackals
  8 kobolds
  2 quokkas
  3 bats
  2 frilled lizards
  2 rats
77 creatures vanquished.

Vanquished Creatures (collateral kills)
  A hound (D:5)
1 creature vanquished.

Vanquished Creatures (others)
  3 fungi (D:2)
  10 plants
13 creatures vanquished.

Grand Total: 91 creatures vanquished

Notes
Turn   | Place    | Note
-------+----------+-------------------------------------------
     0 | D:1      | sagitran the Demonspawn Chaos Knight began the quest for
                  | the Orb.
     0 | D:1      | Reached XP level 1. HP: 18/18 MP: 1/1
    57 | D:1      | XOM: silly message
   100 | D:1      | Gained mutation: You may rarely emit foul miasma when
                  | damaged in melee. [demonic ancestry]
   100 | D:1      | Reached XP level 2. HP: 18/24 MP: 2/2
   320 | D:1      | XOM: divination: detect items
   553 | D:1      | XOM: potion effect (curing)
   583 | D:1      | Reached skill level 1 in Dodging
   586 | D:1      | XOM: divination: detect items
   623 | D:1      | XOM: cast spell 'Summon Small Mammal'
   865 | D:2      | Reached XP level 3. HP: 29/29 MP: 3/3
  1724 | D:1      | XOM: noise
  1817 | D:2      | XOM: silly message
  1818 | D:2      | Found a faded altar of an unknown god.
  1894 | D:2      | XOM: silly message
  1913 | D:1      | Gained mutation: You have sharp fingernails. [demonic
                  | ancestry]
  1913 | D:1      | Reached XP level 4. HP: 15/37 MP: 0/4
  1961 | D:1      | XOM: potion effect (curing)
  3150 | D:3      | Found a transporter.
  3151 | D:3      | Noticed a water moccasin
  3162 | D:3      | Killed a water moccasin
  3163 | D:3      | Reached skill level 1 in Stealth
  3163 | D:3      | Gained mutation: You are partially covered in thin metallic
                  | scales. (AC +2) [demonic ancestry]
  3163 | D:3      | Reached XP level 5. HP: 19/42 MP: 5/5
  3320 | D:3      | XOM: cloud trail
  3437 | D:3      | Found a transporter.
  3443 | D:3      | You fall into a shaft and drop 2 floors!
  3443 | D:5      | Entered Level 5 of the Dungeon
  3462 | D:5      | Reached XP level 6. HP: 43/48 MP: 6/6
  3734 | D:5      | XOM: cast spell 'Summon Ice Beast'
  3749 | D:5      | Noticed an ice beast
  3761 | D:5      | XOM: cleaving
  3769 | D:5      | XOM: fog
  3773 | D:5      | XOM: silly message
  3779 | D:5      | XOM: silly message
  3781 | D:5      | Found a sparkling altar of Nemelex Xobeh.
  3826 | D:5      | XOM: confuse monster(s)
  3839 | D:5      | XOM: noise
  3931 | D:5      | XOM: silly message
  4072 | D:5      | XOM: 3-stop teleportation journey
  4088 | D:5      | Found a blossoming altar of Fedhas.
  4140 | D:5      | XOM: enchant monster (bad)
  4147 | D:5      | Slain by an ice beast

Illustrated notes

Levels and vault maps discovered:
D:1:      dpeg_arrival_simpleton_a, layout_basic
D:2:      layout_loops_ring, shapermc_ecumenical_altar_mp_urbaneastern,
          hangedman_abyss_or_decor_stabs, hex_tiny, roderic_serpentine_path,
          corexii_hall_statues_s, corexii_shack, minmay_tetromino_t4
D:3:      gammafunk_wand_slinger, layout_rooms, lemuel_blue_sif_altar,
          elyvilon_altar_5, kennysheep_another_room, kennysheep_generic_room_6
D:5:      black_bear_nest_1, layout_layer_cave, grunt_temple_overflow_open,
          kennysheep_mini, minmay_temple_entry_glassed_door, corexii_shack,
          chequers_serial_rivers_small_3, amcnicky_mini_rare_corridor_liquid,
          st_stairs_2, kennysheep_generic_room_5

Skill      XL: |  1  2  3  4  5  6 |
---------------+-------------------+-----
Polearms       | 3 4 |  4.9
Dodging        | 1 2 |  2.5
Armour         | 2 3 |  3.0
Fighting       | 4 |  4.2
Stealth        | 1 |  1.3

Action                   |  1- 3 |  4- 6 || total
-------------------------+-------+-------++-------
Melee: Spear             |   154 |   192 ||   346
  Use: Potion            |     1 |     2 ||     3
       Scroll            |       |     2 ||     2
 Stab: Paralysed         |     1 |       ||     1
       Confused          |       |     1 ||     1
Armor: Leather armour    |    59 |    52 ||   111
Dodge: Dodged            |    82 |   118 ||   200

Table legend: (Time is in decaauts)
 A = Elapsed time spent in this place.
 B = Non-inter-level travel time spent in this place.
 C = Inter-level travel time spent in this place.
 D = Time resting spent in this place.
 E = Time spent auto-exploring this place.
 F = Levels seen in this place.
 G = Mean time per level.
                   A        B        C        D        E       F      G
               +--------+--------+--------+--------+--------+-----+--------+
         Total |   4123 |   4039 |     84 |   1505 |    620 |   4 | 1030.8 |
       Dungeon |   4123 |   4039 |     84 |   1505 |    620 |   4 | 1030.8 |
               +--------+--------+--------+--------+--------+-----+--------+

Top non-repeatable levels by time:
     D:1: 2042 daAuts
     D:2: 1049 daAuts
     D:5: 691 daAuts
     D:3: 340 daAuts
